 Dungeon Crawl Stone Soup version 0.29-a0-334-gb41bcbb86e (webtiles) character file.

Game seed: 13655704363329943419

16 rageheart7 the Sneak (level 2, 0/27 HPs)
             Began as a Ghoul Delver on Apr 14, 2022.
             Slain by a hound (1 damage)
             ... on level 5 of the Dungeon.
             The game lasted 00:00:49 (382 turns).

rageheart7 the Sneak (Ghoul Delver)                  Turns: 382, Time: 00:00:49

Health: 0/27       AC:  3    Str: 15    XL:     2   Next: 58%
Magic:  1/1        EV: 11    Int:  5    God:
Gold:   49         SH:  0    Dex: 10    Spells: 1/1 levels left

rFire   . . .      SeeInvis .     - Unarmed
rCold   + . .      Faith    .   (no shield)
rNeg    + + +      Spirit   .   a - +0 leather armour
rPois   ∞          Reflect  .   (no helmet)
rElec   .          Harm     .   (no cloak)
rCorr   .          Rampage  .   (no gloves)
Will    .....                   (no boots)
Stlth   +++.......              (no amulet)
HPRegen 0.00/turn               (no ring)
MPRegen 0.07/turn               (no ring)

@: inhibited regen
A: claws 1, cold resistance 1, negative energy resistance 3, inhibited
regeneration, torment resistance 2, devour on kill
a: no special abilities


You were on level 5 of the Dungeon.
You visited 1 branch of the dungeon, and saw 1 of its levels.

You collected 49 gold pieces.

Inventory:

Armour
 a - a +0 leather armour (worn)
Wands
 f - a wand of digging (3)
Scrolls
 b - a scroll of fog
 c - a scroll of magic mapping
 d - a scroll of fear
Potions
 e - a potion of haste


   Skills:
 * Level 3.8 Fighting
 + Level 0.7 Armour
 - Level 1.7 Dodging
 - Level 5.4 Stealth
 + Level 2.5 Unarmed Combat


You had one spell level left.
You didn't know any spells.
Your spell library contained the following spells:

 Spells                   Type           Power      Damage    Failure   Level
 Blink                    Tloc           0%         N/A       69%         2
 Manifold Assault         Tloc           0%         N/A       100%        5
 Storm Form               Tmut/Air       Unusable   N/A       N/A         7

Dungeon Overview and Level Annotations

Branches:
Dungeon (5/15)
 Temple: D:4-7

Altars:
The Shining One


Innate Abilities, Weirdness & Mutations

You are immune to poison.
You have sharp fingernails.
Your flesh is cold resistant. (rC+)
You are immune to negative energy. (rN+++)
You do not regenerate when monsters are visible.
You are immune to unholy pain and torment.
You thrive by killing the living.


Message History

You closely miss the hound. The hound bites you.
You closely miss the hound. The hound closely misses you. x2
You miss the hound. The hound bites you but does no damage.
You barely miss the hound. The hound completely misses you.
You scratch the hound.
The hound is lightly wounded.
The hound closely misses you. The hound bites you but does no damage.
You miss the hound.
The hound is lightly wounded.
The hound barely misses you.
You claw the hound!
The hound is severely wounded.
The hound bites you. The hound bites you but does no damage.
You scratch the hound but do no damage.
The hound is severely wounded.
The hound closely misses you.
You barely miss the hound.
The hound is severely wounded.
The hound barely misses you.
You barely miss the hound.
The hound is severely wounded.
The hound bites you. The hound closely misses you.
You scratch the hound but do no damage.
The hound is severely wounded.
The hound misses you.
You barely miss the hound.
The hound is severely wounded.
The hound bites you.
* * * LOW HITPOINT WARNING * * *
You scratch the hound.
The hound is severely wounded.
The hound closely misses you. The hound bites you.
* * * LOW HITPOINT WARNING * * *
You closely miss the hound.
The hound is severely wounded.
The hound barely misses you.
You closely miss the hound.
The hound is severely wounded.
The hound barely misses you. The hound bites you.
You die...

#### #...# [....#
######### ......###
#.......#
........######.#####.#
#...h@.....###.### ###
#..###............ ..#
##'# ##...####.### #.#
♣...♣ ##.#####.# #.#
#.....# #.......# #.#
#♣...♣# #.####### #.#
..... ##'## #.#
###_####...## ##.#
######....## ##.#.


You could see a hound.

Vanquished Creatures
  An adder (D:5)
  An ufetubus (D:5)
  An orc (D:5)
3 creatures vanquished.

Notes
Turn   | Place    | Note
-------+----------+-------------------------------------------
     0 | D:5      | rageheart7 the Ghoul Delver began the quest for the Orb.
     0 | D:5      | Reached XP level 1. HP: 19/19 MP: 0/0
    16 | D:5      | Noticed a howler monkey
   102 | D:5      | Reached XP level 2. HP: 17/26 MP: 1/1
   232 | D:5      | Noticed a necrophage
   380 | D:5      | HP: 1/27 [hound (3)]
   382 | D:5      | Slain by a hound

Illustrated notes

Levels and vault maps discovered:
D:5:      layout_loops_corners, tso_altar, uniq_menkaure

Action                   || total
-------------------------++-------
Melee: Unarmed           ||    37
 Stab: Sleeping          ||     1
Armor: Leather armour    ||    11
Dodge: Dodged            ||    26

Table legend: (Time is in decaauts)
 A = Elapsed time spent in this place.
 B = Non-inter-level travel time spent in this place.
 C = Inter-level travel time spent in this place.
 D = Time resting spent in this place.
 E = Time spent auto-exploring this place.
 F = Levels seen in this place.
 G = Mean time per level.
                   A        B        C        D        E       F      G
               +--------+--------+--------+--------+--------+-----+--------+
         Total |    379 |    379 |      0 |      0 |    249 |   1 |  379.0 |
       Dungeon |    379 |    379 |      0 |      0 |    249 |   1 |  379.0 |
               +--------+--------+--------+--------+--------+-----+--------+

Top non-repeatable levels by time:
     D:5: 379 daAuts
